 Dungeon Crawl Stone Soup version 0.28.0-61-g67df4f89a8 (webtiles) character file.

Game seed: 4937853960691661282

51 AarnesTheHuman the Skirmisher (level 3, -2/33 HPs)
             Began as a Hill Orc Fighter on Feb 14, 2023.
             Slain by Sigmund
             ... wielding a +0 scythe
              (9 damage)
             ... on level 2 of the Dungeon.
             The game lasted 00:01:30 (1213 turns).

AarnesTheHuman the Skirmisher (Hill Orc Fighter)    Turns: 1213, Time: 00:01:30

Health: -2/33      AC:  7    Str: 20    XL:     3   Next: 81%
Magic:  3/3        EV:  9    Int:  8    God:
Gold:   83         SH:  0    Dex: 10    Spells: 2/2 levels left

rFire   . . .      SeeInvis .   a - +0 war axe
rCold   . . .      Faith    .   c - +0 buckler
rNeg    . . .      Spirit   .   b - +0 scale mail
rPois   .          Reflect  .   (no helmet)
rElec   .          Harm     .   (no cloak)
rCorr   .          Rampage  .   (no gloves)
Will    .....                   (no boots)
Stlth   ..........              (no amulet)
HPRegen 0.11/turn               (no ring)
MPRegen 0.08/turn               (no ring)

@: confused, mighty
A: no striking features
a: no special abilities


You were on level 2 of the Dungeon.
You visited 1 branch of the dungeon, and saw 2 of its levels.

You collected 83 gold pieces.

Inventory:

Hand Weapons
 a - a +0 war axe (weapon)
Missiles
 i - 16 stones (quivered)
 j - 28 sling bullets
Armour
 b - a +0 scale mail (worn)
 c - a +0 buckler (worn)
Scrolls
 e - 2 scrolls of noise {unknown}
 h - a scroll of blinking {unknown}
 k - a scroll of identify {unknown}
 l - 2 scrolls of enchant armour {unknown}
Potions
 f - 2 potions of mutation {unknown}
 g - 2 potions of curing {unknown}
 m - a potion of cancellation {unknown}


   Skills:
 + Level 4.2 Fighting
 + Level 3.5 Axes
 + Level 3.8 Armour
 + Level 3.8 Shields


You had 2 spell levels left.
You didn't know any spells.
Your spell library was empty.

Dungeon Overview and Level Annotations

Branches:
Dungeon (2/15)

Altars:

Annotations:
D:2 Sigmund


Message History

No target in view!
No target in view!
No target in view!
No target in view!
No target in view!
Sigmund the Dreaded comes into view.
He is wielding a +0 scythe.
Sigmund is nearby!
You aren't carrying any items that you can evoke.
Unknown command.
You start waiting.
Sigmund is nearby!
You feel very mighty all of a sudden. Sigmund gestures at you while chanting.
The magic dart hits you!
Sigmund says, "Look into my eyes."
Sigmund closely misses you.
You barely miss Sigmund. Sigmund asks, "Do you like me?"
Sigmund points at you and mumbles some strange words.
The puff of flame hits you!
You closely miss Sigmund. Sigmund hits you but does no damage.
You closely miss Sigmund. Sigmund casts a spell at you.
The magic dart hits you!
You hit Sigmund.
Sigmund is lightly wounded.
Sigmund hits you but does no damage.
You slash Sigmund!
Sigmund is moderately wounded.
Sigmund hits you but does no damage.
You slash Sigmund!
Sigmund is severely wounded.
Sigmund gestures at you while chanting.
You are confused.
You bump into the rock wall.
Sigmund points at you and mumbles some strange words.
The puff of flame hits you.
* * * LOW HITPOINT WARNING * * *
You bump into the rock wall.
Sigmund hits you with a +0 scythe!
You die...

#.#### .####.####
#....####.#.......#
♣.......##.###.##
♣@(.♣.##.####.##...#
....♣♣..##.####.###.#####
♣♣♣ ####..##.#.#.#.#...#
#..###.#.#.#.#...#
######@##.....#.......#
#......@..#.###.......#
#.......###.# #.......#
#.....### #.# #.......#
#....## ..# #.......#
#....# .## #.......#
#.>..# .. #...†...#
#....# .. #.......#
###### ######..# ## #.†##


You could see Sigmund.

Vanquished Creatures
  3 ball pythons
  An endoplasm (D:2)
  4 giant cockroaches
  5 hobgoblins
  10 jackals
  2 quokkas
  3 bats
  4 frilled lizards
  5 goblins
  3 kobolds (D:1)
  4 rats
44 creatures vanquished.

Notes
Turn   | Place    | Note
-------+----------+-------------------------------------------
     0 | D:1      | AarnesTheHuman the Hill Orc Fighter began the quest for the
                  | Orb.
     0 | D:1      | Reached XP level 1. HP: 19/19 MP: 1/1
   152 | D:1      | Reached XP level 2. HP: 23/27 MP: 2/2
   352 | D:1      | Reached skill level 4 in Fighting
   364 | D:1      | Reached XP level 3. HP: 20/33 MP: 3/3
  1190 | D:2      | Noticed Sigmund
  1213 | D:2      | Slain by Sigmund

Illustrated notes

Levels and vault maps discovered:
D:1:      nzn_arrival_settlement, layout_basic
D:2:      layout_rooms, shapermc_ecumenical_altar_totnotflames,
          grunt_decor_fettered, uniq_sigmund

Skill      XL: |  1  2 |
---------------+-------+-----
Axes           | 3 |  3.5
Fighting       | 4 |  4.2
Armour         | |  3.8
Shields        | |  3.8

Action                   || total
-------------------------++-------
Melee: War axe           ||   146
  Use: Potion            ||     1
Armor: Scale mail        ||    87
Dodge: Dodged            ||    66
Block: Buckler           ||    34
